 Dungeon Crawl Stone Soup version 0.14-a0-942-gbd853f2 (webtiles) character file.

176 JacquesDerrida the Insei (level 4, -1/34 HPs)
             Began as a Demonspawn Monk on Nov 19, 2013.
             Slain by an orc wizard
             ... wielding a +2,+3 orcish dagger of flaming
              (2 damage)
             ... on Level 3 of the Dungeon.
             The game lasted 00:06:40 (2806 turns).

JacquesDerrida the Insei (Demonspawn Monk)          Turns: 2806, Time: 00:06:40

HP  -1/34        AC  4     Str 13      XL: 4   Next: 64%
MP   3/3         EV 13     Int 11      God:
Gold 64          SH  0     Dex 15      Spells:  0 memorised,  3 levels left

Res.Fire  : . . .   See Invis. : .     - Unarmed
Res.Cold  : . . .   Warding    : .   a - +0 robe
Life Prot.: . . .   Conserve   : .   (no shield)
Res.Poison: .       Res.Corr.  : .   l - +0 helmet
Res.Elec. : .       Clarity    : .   (no cloak)
Sust.Abil.: . .     Spirit.Shd : .   (no gloves)
Res.Mut.  : .       Stasis     : .   (no boots)
Res.Rott. : .       Flight     : .   (no amulet)
Saprovore : . . .                    (no ring)
                                     (no ring)

@: slightly resistant to hostile enchantments, fairly stealthy
A: claws 1, icy blue scales 1
a: no special abilities


You were on level 3 of the Dungeon.
You were hungry.

You visited 1 branch of the dungeon, and saw 3 of its levels.

You collected 64 gold pieces.

Inventory:

Hand weapons
 p - a +0,+1 orcish dagger of distortion
Armour
 a - a +0 robe (worn)
 l - a +0 helmet (worn)
Comestibles
 b - 4 bread rations
 k - a pear
 n - an apple
 q - a rotting chunk of orc flesh
Scrolls
 c - a scroll of enchant armour {unknown}
 d - 4 scrolls of identify {unknown}
 g - 2 scrolls of remove curse {unknown}
 h - a scroll of curse jewellery {unknown}
 i - a scroll of curse armour {unknown}
 j - a scroll of magic mapping {unknown}
 o - a scroll of teleportation {unknown}
Jewellery
 f - an uncursed ring of ice


   Skills:
 - Level 3.0 Fighting
 - Level 2.6 Dodging
 - Level 1.7 Stealth
 + Level 5.5 Unarmed Combat


You had 3 spell levels left.
You didn't know any spells.

Dungeon Overview and Level Annotations

Branches:
Dungeon (3/16)

Altars:
Fedhas


Innate Abilities, Weirdness & Mutations

You have sharp fingernails.
You are partially covered in icy blue scales (AC +1).


Message History

Drink which item? (? for menu, Esc to quit)
You feel refreshed.
It was a potion of restore abilities.
The orc hits you.
Drink which item? (? for menu, Esc to quit)
You feel better.
It was a potion of curing.
The orc hits you but does no damage.
You claw the orc!
You kill the orc!
You barely miss it. It hits you. It burns you.
You miss it. You barely miss it. It hits you. It burns you.
You barely miss it. It hits you.
* * * LOW HITPOINT WARNING * * *
It burns you.
* * * LOW HITPOINT WARNING * * *
You are feeling hungry.
You hit it. It barely misses you.
You miss it. It hits you.
* * * LOW HITPOINT WARNING * * *
It burns you.
You die...

...#...#...# ...#
####....##.# ...#
#........#######...##.?o
#........##.........o...
#........##.>..######...
##....##.##..).# ##
#.......#####)#
.###.......## #$#
............####@#######
.....#.#..........>......
........................
####.......#############
...................
##..............[.
#.....##...######
#.....###### ###...#


There were no monsters in sight!

Vanquished Creatures
  3 adders (D:2)
  A worm (D:2)
  A giant mite (D:2)
  2 giant geckos (D:2)
  9 orcs (D:3)
  2 ball pythons (D:2)
  5 giant cockroaches
  4 goblins
  8 hobgoblins
  4 kobolds
  8 bats
  5 giant newts
  A quokka (D:3)
  3 rats
56 creatures vanquished.

Notes
Turn   | Place    | Note
--------------------------------------------------------------
     0 | D:1      | JacquesDerrida, the Demonspawn Monk, began the quest for the Orb.
     0 | D:1      | Reached XP level 1. HP: 16/16 MP: 0/0
   419 | D:1      | Reached skill level 4 in Unarmed Combat
   476 | D:1      | Gained mutation: You have sharp fingernails. [demonic ancestry]
   476 | D:1      | Reached XP level 2. HP: 17/22 MP: 1/1
  1019 | D:2      | Reached XP level 3. HP: 16/28 MP: 2/2
  1125 | D:2      | Found a blossoming altar of Fedhas.
  1798 | D:2      | Reached skill level 5 in Unarmed Combat
  2124 | D:2      | Gained mutation: You are partially covered in icy blue scales (AC +1). [demonic ancestry]
  2124 | D:2      | Reached XP level 4. HP: 30/34 MP: 3/3
  2806 | D:3      | HP: 1/34 [something (3)]
  2806 | D:3      | Slain by an orc wizard

Action                   |  1- 3 |  4- 6 || total
-------------------------+-------+-------++-------
Melee: Unarmed           |   148 |    65 ||   213
  Use: Potion            |       |     2 ||     2
 Stab: Sleeping          |     3 |     2 ||     5
